 Dungeon Crawl Stone Soup version 0.30-a0-6-g7c9e10e132 (webtiles) character file.

Game seed: 5162059776183743884

209 xian the Shooter (level 5, 0/27 HPs)
             Began as a Spriggan Hunter on Aug 23, 2022.
             Killed by divine providence
             ... invoked by an orc priest
              (12 damage)
             ... on level 5 of the Dungeon.
             The game lasted 00:10:28 (3484 turns).

xian the Shooter (Spriggan Hunter)                  Turns: 3484, Time: 00:10:28

Health: 0/27       AC:  2    Str:  9    XL:     5   Next: 55%
Magic:  6/6        EV: 22    Int: 17    God:
Gold:   130        SH:  5    Dex: 18    Spells: 4/4 levels left

rFire   . . .      SeeInvis +    a - +0 shortbow
rCold   . . .      Faith    .    (shield currently unavailable)
rNeg    . . .      Spirit   .    c - +0 robe
rPois   .          Reflect  +    (helmet restricted)
rElec   .          Harm     .    (no cloak)
rCorr   .          Rampage  .    (gloves unavailable)
Will    .....                    (boots unavailable)
Stlth   ++........               l - amulet of reflection
HPRegen 0.09/turn                i - +6 ring of intelligence
MPRegen 0.10/turn                m - +4 ring of evasion

@: very quick
A: very small, no large weapons, unfitting armour, see invisible, speed 3
a: no special abilities


You were on level 5 of the Dungeon.
You visited 1 branch of the dungeon, and saw 6 of its levels.

You collected 130 gold pieces.

Inventory:

Hand Weapons
 a - a +0 shortbow (weapon)
 s - a +2 dagger of venom
Armour
 c - a +0 robe (worn)
Jewellery
 f - an amulet of guardian spirit
 g - a ring of positive energy
 i - a +6 ring of intelligence (left hand)
 l - an amulet of reflection (around neck)
 m - a +4 ring of evasion (right hand)
 o - a ring of willpower
Wands
 r - a wand of paralysis (12)
Scrolls
 b - a scroll of immolation
 e - 3 scrolls of teleportation
 k - a scroll of acquirement {unknown}
 n - a scroll of fog
 p - a scroll of enchant armour
Potions
 d - a potion of flight {unknown}
 h - a potion of berserk rage {unknown}
 j - 3 potions of curing {unknown}
 t - 3 potions of brilliance {unknown}
 u - a potion of attraction {unknown}
 v - a potion of invisibility {unknown}


   Skills:
 + Level 2.7 Fighting
 + Level 6.2 Ranged Weapons
 + Level 2.8 Dodging
 + Level 2.1 Stealth


You had 4 spell levels left.
You didn't know any spells.
Your spell library contained the following spells:

 Spells                   Type           Power      Damage    Failure   Level
 Sandblast                Erth           0%         2d4       24%         1
 Passwall                 Tmut/Erth      0%         N/A       34%         2
 Static Discharge         Conj/Air       0%         3-3/arc   34%         2
 Sublimation of Blood     Necr           0%         N/A       34%         2
 Wereblood                Tmut           0%         N/A       34%         2
 Stone Arrow              Conj/Erth      0%         3d7       56%         3
 Petrify                  Tmut/Erth      0%         N/A       93%         4
 Lightning Bolt           Conj/Air       0%         1d11      100%        5
 Metabolic Englaciation   Hex/Ice        0%         N/A       100%        5
 Statue Form              Tmut/Erth      0%         N/A       100%        6
 Summon Hydra             Summ           0%         N/A       100%        7
 Maxwell's Capacitive Co  Air            0%         ∞         100%        8


Dungeon Overview and Level Annotations

Branches:
Dungeon (6/15)             Temple (0/1) D:4

Altars:
Ashenzari
Okawaru
Yredelemnul

Shops:
D:2 [   D:3 (

Portals:
Ossuary: D:4


Innate Abilities, Weirdness & Mutations

You are very small and have problems with some larger weapons.
You are too small for most types of armour.
You have supernaturally acute eyesight. (SInv)
You cover ground extremely quickly. (Speed+++)


Message History

You fall into a shaft and drop 2 floors!
The shaft crumbles and collapses.
Found a stone staircase leading up.
There is a stone staircase leading up here.
You climb upwards.
There is a stone staircase leading down here.
An orc comes into view. It is wielding a +2 vorpal war axe.
Found an escape hatch in the floor.
An orc comes into view. It is wielding a +0 mace.
Found 12 gold pieces.
Found a pink potion.
Really attack while wielding your +0 shortbow? [Y]es or [N]o only, please.
Really attack while wielding your +0 shortbow? [Y]es or [N]o only, please.
Really attack while wielding your +0 shortbow?
Okay, then.
An adder comes into view.
Found 8 stones.
Found a silvery potion.
The orc shouts!
An orc comes into view. It is wielding a +0 falchion.
The orc shouts!
You hear a shout!
You see here a pink potion.
t - 3 pink potions (gained 1)
An orc comes into view. It is wielding a +0 hand axe.
Found 4 stones.
An orc comes into view. It is wielding a +0 hand axe.
An orc priest comes into view. It is wielding a +0 falchion.
The orc shouts! x2; The orc priest shouts!
You hear a shout!
You hear an angry hiss.
An orc comes into view. It is wielding a +0 club.
The orc shouts!
An iguana comes into view.
The orc priest calls down the wrath of Beogh upon you.
Beogh smites you!
The iguana hisses angrily.
The orc priest mumbles some strange prayers to Beogh against you.
Beogh smites you!
You die...

#.#.##.#.#
o.###o..#o#
#.# ##o##.#
.o# ##..o#
.#
##....###
##.......#
#l.......#
#.#.......#
# #....@..#
#.......#
#.......#
#.......#
#########


You could see an iguana, an orc priest and 3 orcs.

Vanquished Creatures
  An iguana (D:4)
  An orc wizard (D:3)
  A hound zombie (D:3)
  3 adders
  2 gnolls
  An adder zombie (D:3)
  2 worms (D:2)
  4 dart slugs
  4 orcs
  7 ball pythons
  2 bats
  10 endoplasms
  6 giant cockroaches
  2 goblins
  8 hobgoblins
  4 jackals (D:3)
  9 kobolds
  A quokka (D:3)
  4 frilled lizards
  5 rats
77 creatures vanquished.

Notes
Turn   | Place    | Note
-------+----------+-------------------------------------------
     0 | D:1      | xian the Spriggan Hunter began the quest for the Orb.
     0 | D:1      | Reached XP level 1. HP: 10/10 MP: 2/2
   232 | D:1      | Reached XP level 2. HP: 15/15 MP: 3/3
   424 | D:1      | Found a faded altar of an unknown god.
   651 | D:1      | Reached XP level 3. HP: 18/18 MP: 4/4
   808 | D:1      | Reached skill level 5 in Ranged Weapons
  1316 | D:2      | Found Xilaosh's Armour Shoppe.
  1568 | D:2      | Reached XP level 4. HP: 23/23 MP: 5/5
  2524 | D:3      | Found an iron altar of Okawaru.
  2600 | D:3      | Reached XP level 5. HP: 27/27 MP: 6/6
  2606 | D:3      | Found a basalt altar of Yredelemnul.
  2803 | D:3      | Found Vuij's Antique Weapon Shoppe.
  3149 | D:4      | Reached skill level 6 in Ranged Weapons
  3403 | D:4      | Found a staircase to the Ecumenical Temple.
  3419 | D:4      | Found a broken altar of Ashenzari.
  3434 | D:4      | Found a sand-covered staircase.
  3434 | D:4      | You fall into a shaft and drop 2 floors!
  3438 | D:5      | Entered Level 5 of the Dungeon
  3484 | D:5      | Killed from afar by an orc priest

Illustrated notes

Levels and vault maps discovered:
D:1:      wheals_arrival_shading, layout_loops_corners, serial_forest,
          infiniplex_forest_clump_double, infiniplex_forest_lined_room_2,
          infiniplex_forest_clump_medium, infiniplex_forest_end_1,
          infiniplex_forest_clump_medium, infiniplex_forest_lined_corner,
          infiniplex_forest_clump_long, nicolae_ecumenical_lake_church
D:2:      layout_loops_corners, serial_shops, shop, minmay_pentomino_o4
D:3:      layout_basic, lemuel_zombie_altar_yredelemnul,
          mainiacjoe_overflow_catwalk, serial_shops, nicolae_shop_statue_plus,
          serial_park_tiny_pond
D:4:      layout_rooms, general_overflow_altar,
          minmay_temple_entry_purple_smoke, enter_ossuary_3, lightli_minifort
D:5:      layout_loops_cross, ebering_ghost_sewer_d, minmay_starry_boxes
D:6:      cheibrodos_two_vegetables, layout_loops_ring,
          grunt_temple_overflow_open, serial_shops, shop,
          nicolae_alphabet_shops, lemuel_flamethrower_2

Skill      XL: |  1  2  3  4  5 |
---------------+----------------+-----
Ranged Weapons | 5 6 |  6.2
Stealth        | 2 |  2.1
Fighting       | 2 |  2.7
Dodging        | |  2.8

Action                   |  1- 3 |  4- 6 || total
-------------------------+-------+-------++-------
 Fire: Shortbow          |    64 |   143 ||   207
  Use: Scroll            |       |     5 ||     5
Armor: Robe              |       |     4 ||     4
Dodge: Dodged            |     5 |    55 ||    60
Block: Other             |       |    11 ||    11
       Reflection        |       |     2 ||     2

Table legend: (Time is in decaauts)
 A = Elapsed time spent in this place.
 B = Non-inter-level travel time spent in this place.
 C = Inter-level travel time spent in this place.
 D = Time resting spent in this place.
 E = Time spent auto-exploring this place.
 F = Levels seen in this place.
 G = Mean time per level.
                   A        B        C        D        E       F      G
               +--------+--------+--------+--------+--------+-----+--------+
         Total |   2379 |   2274 |    105 |      0 |   1599 |   6 |  396.5 |
       Dungeon |   2379 |   2274 |    105 |      0 |   1599 |   6 |  396.5 |
               +--------+--------+--------+--------+--------+-----+--------+

Top non-repeatable levels by time:
     D:1: 869 daAuts
     D:3: 649 daAuts
     D:2: 538 daAuts
     D:4: 291 daAuts
     D:5: 28 daAuts
     D:6: 2 daAuts
